 Dungeon Crawl Stone Soup version 0.24.0-13-gcf9b319 (webtiles) character file.

Game seed: 10516676438943244374, levelgen mode: deterministic

48 Fang the Skirmisher (level 3, -4/24 HPs)
             Began as a Gargoyle Berserker on Nov 19, 2019.
             Was a Follower of Trog.
             Slain by Sigmund
             ... wielding a +0 scythe of venom
              (9 damage)
             ... on level 2 of the Dungeon.
             The game lasted 00:00:41 (615 turns).

Fang the Skirmisher (Gargoyle Berserker)             Turns: 615, Time: 00:00:42

Health: -4/24      AC:  5    Str: 21    XL:     3   Next: 72%
Magic:  3/3        EV: 12    Int:  7    God:    Trog [*.....]
Gold:   33         SH:  0    Dex:  9    Spells: 2/2 levels left

rFire    . . .     SeeInvis .   a - +0 hand axe
rCold    . . .     Gourm    .   (no shield)
rNeg     + . .     Faith    .   b - +0 animal skin
rPois    ∞         Spirit   .   (no helmet)
rElec    +         Reflect  .   e - scarf {repulsion}
rCorr    .         Harm     .   (no gloves)
MR       +....                  (no boots)
Stlth    +.........             (no amulet)
HPRegen  0.08/turn              f - ring of protection from magic
MPRegen  0.08/turn              (no ring)

@: berserk cooldown, slowed, repel missiles, very slow
A: negative energy resistance 1, electricity resistance, unbreathing,
petrification resistance, rot immunity, AC +3
a: Berserk, Renounce Religion


You were on level 2 of the Dungeon.
You worshipped Trog.
Trog was aware of your devotion.
You were not hungry.

You visited 1 branch of the dungeon, and saw 2 of its levels.

You collected 33 gold pieces.

Inventory:

Hand Weapons
 a - a +0 hand axe (weapon)
Armour
 b - a +0 animal skin (worn)
 e - a scarf of repulsion (worn)
Jewellery
 f - a ring of protection from magic (left hand)
Potions
 d - a potion of flight {unknown}
 g - 2 potions of curing {unknown}
Comestibles
 c - 3 rations


   Skills:
 + Level 3.8 Fighting
 + Level 3.1 Axes
 + Level 2.8 Armour
 + Level 2.1 Dodging


You had 2 spell levels left.
You didn't know any spells.
Your spell library was empty.

Dungeon Overview and Level Annotations

Branches:
Dungeon (2/15)

Altars:

Annotations:
D:2 Sigmund


Innate Abilities, Weirdness & Mutations

You are resistant to torment.
Your stone body is resilient. (AC +3)
You are immune to poison.
You resist negative energy. (rN+)
You are resistant to electric shocks. (rElec)
You can survive without breathing.
You are immune to petrification.
You are immune to rotting.


Message History

You feel a strong urge to attack something.
You barely miss something.
You hear some strange, mumbled words.
A magic dart appears from out of thin air!
The magic dart hits you!
* * * LOW HITPOINT WARNING * * *
You miss something. You hit the hobgoblin.
You kill the hobgoblin!
Trog accepts your kill. Something hits you but does no damage.
You completely miss something. You barely miss the adder.
The adder closely misses you. The adder misses you.
You closely miss something. You slash the adder!
Something hits you but does no damage.
You closely miss something. You barely miss the adder. The adder misses you.
You miss something. You closely miss the adder.
You are no longer berserk.
You are exhausted.
You feel yourself slow down. The adder closely misses you. Something hits you!
You die...

#..... #.... #...#
## #...#
##.###...## #
#.#.#..>..##..
#.#....%......#
..#....@...#
......)S)..#
..#........#
...........####
...#..........# .
###........##.# #.
##..#.#..# #
#.####.#.(.#....
##....#.##.##..###


You could see an adder.

Vanquished Creatures
  4 gnolls (D:2)
  A bat (D:1)
  2 goblins
  2 hobgoblins
  2 frilled lizards
  A kobold (D:1)
12 creatures vanquished.

Notes
Turn   | Place    | Note
-------+----------+-------------------------------------------
     0 | D:1      | Fang the Gargoyle Berserker began the quest for the Orb.
     0 | D:1      | Reached XP level 1. HP: 14/14 MP: 1/1
   602 | D:2      | Reached XP level 2. HP: 19/19 MP: 2/2
   602 | D:2      | Noticed Sigmund
   604 | D:2      | Reached XP level 3. HP: 14/23 MP: 3/3
   615 | D:2      | Slain by Sigmund

Levels and vault maps discovered:
D:1:      dpeg_arrival_oval, layout_basic, ebering_dispersal_statue_hall,
          minmay_misc_feat_columns
D:2:      layout_loops_ring, hangedman_abyss_or_decor_stabs, st_stairs_7,
          minivault_14, chequers_serial_rivers_micro_b, uniq_sigmund

Skill      XL: |  1  2 |
---------------+-------+-----
Axes           | 3 |  3.1
Dodging        | 2 |  2.1
Fighting       | |  3.8
Armour         | |  2.8

Action                   || total
-------------------------++-------
Melee: Hand axe          ||    44
Invok: Berserk           ||     1
Armor: Animal skin       ||     6
Dodge: Dodged            ||    30
       Deflected         ||     2
